 Dungeon Crawl Stone Soup version 0.26-a0-597-gb535b0901c (webtiles) character file.

Game seed: 7217806331724191692

(classic levelgen) 29 EnegeticOcto the Shield-Bearer (level 3, -1/33 HPs)
             Began as a Deep Dwarf Fighter on Sept 2, 2020.
             Slain by a thrashing horror (6 damage)
             ... on level 1 of the Abyss.
             The game lasted 00:00:34 (387 turns).

EnegeticOcto the Shield-Bearer (Deep Dwarf Fighter)  Turns: 387, Time: 00:00:35

Health: -1/33      AC:  6    Str: 20    XL:     3   Next: 1%
Magic:  3/3        EV:  7    Int:  8    God:
Gold:   88         SH:  9    Dex: 12    Spells: 2/2 levels left

rFire    . . .     SeeInvis .   a - +0 war axe
rCold    + . .     Faith    .   c - +0 kite shield
rNeg     . . .     Spirit   .   b - +0 scale mail
rPois    .         Reflect  .   (no helmet)
rElec    .         Harm     .   (no cloak)
rCorr    .                      (no gloves)
MR       .....                  (no boots)
Stlth    ..........             (no amulet)
HPRegen  0.00/turn              k - ring of protection from cold
MPRegen  0.08/turn              (no ring)

@: non-regenerating
A: damage resistance, heal wounds, sense surroundings 1, no regeneration
a: Heal Wounds


You were on level 1 of the Abyss.
You visited 1 branch of the dungeon, and saw 4 of its levels.
You visited the Abyss 1 time.

You collected 88 gold pieces.

Inventory:

Hand Weapons
 a - a +0 war axe (weapon)
Armour
 b - a +0 scale mail (worn)
 c - a +0 kite shield (worn)
 n - a +0 plate armour
Jewellery
 k - a ring of protection from cold (left hand)
Wands
 o - a wand of paralysis (9)
Scrolls
 e - 2 scrolls of identify {unknown}
 g - a scroll of remove curse {unknown}
 h - a scroll of teleportation {unknown}
 i - a scroll of enchant weapon {unknown}
 j - a scroll of enchant armour {unknown}
 l - a scroll of fear {unknown}
 m - a scroll of random uselessness {unknown}
Potions
 d - a potion of might {@q3}
 f - 2 potions of curing {unknown}


   Skills:
 + Level 2.9 Fighting
 * Level 3.0 Axes
 + Level 3.5 Armour
 + Level 3.6 Shields


You had 2 spell levels left.
You didn't know any spells.
Your spell library was empty.

Dungeon Overview and Level Annotations

Branches:
Dungeon (4/15)
 Temple: D:4-7

Altars:
Hepliaklqana
Sif Muna
Trog


Innate Abilities, Weirdness & Mutations

You are resistant to damage.
You can heal yourself by infusing magical energy.
You passively map a small area around you.
You do not regenerate.


Message History

You are too injured to fight recklessly!
You are too injured to fight recklessly!
You are too injured to fight recklessly!
You are too injured to fight recklessly!
You are too injured to fight recklessly!
You are too injured to fight recklessly!
You are too injured to fight recklessly!
You are too injured to fight recklessly!
You fail to use your ability.
You block the orc's attack. The orc hits you but does no damage.
The orc priest hits you but does no damage.
You are too injured to fight recklessly!
You hit the orc.
The orc is moderately wounded.
You barely miss the orc wizard. You hit the orc. You barely miss the orc.
You hit the orc priest. The orc wizard casts a spell at you.
The magic dart hits you.
* * * LOW HITPOINT WARNING * * *
The orc hits you with a +2 trident of distortion.
Space bends around you.
* * * LOW HITPOINT WARNING * * *
The orc hits you.
* * * LOW HITPOINT WARNING * * *
The orc wizard hits you but does no damage.
The orc priest hits you with a +0 dagger.
* * * LOW HITPOINT WARNING * * *
The orc misses you.
The orc hits you with a +2 trident of distortion.
You are cast into the Abyss!
To return, you must find a gate leading back.
Killing monsters will force the Abyss to allow you passage.
This branch contains the abyssal rune of Zot.
Found 18 gold pieces, a distressingly furry ring mail and a plate armour.
You fail to use your ability.
You feel much better.
Found 17 poisoned darts.
There is an open door here.
You see here a plate armour.
n - a plate armour You now have 49 gold pieces (gained 18).
You now have 88 gold pieces (gained 39).
Found a dazzling arbalest.
A thrashing horror materialises.
You see here a wand of paralysis (9).
o - a wand of paralysis (9)
You block the thrashing horror's attack.
The thrashing horror tramples you but does no damage.
The thrashing horror roars!
The thrashing horror tramples you!
You stumble backwards!
You slash the thrashing horror!
The thrashing horror is moderately damaged.
The thrashing horror barely misses you. The thrashing horror tramples you.
You stumble backwards!
You barely miss the thrashing horror.
The thrashing horror is lightly damaged.
The thrashing horror tramples you!
* * * LOW HITPOINT WARNING * * *
You hold your ground!
You block the thrashing horror's attack.
You are too injured to fight recklessly!
You are too injured to fight recklessly!
You are too injured to fight recklessly!
You are too injured to fight recklessly!
You are too injured to fight recklessly!
You are too injured to fight recklessly!
You are too injured to fight recklessly!
You are too injured to fight recklessly!
You are too injured to fight recklessly!
You are too injured to fight recklessly!
You are too injured to fight recklessly!
You are too injured to fight recklessly!
You are too injured to fight recklessly!
You are too injured to fight recklessly!
You are too injured to fight recklessly!
You are too injured to fight recklessly!
You are too injured to fight recklessly!
You are too injured to fight recklessly!
You fail to use your ability.
The thrashing horror roars!
The thrashing horror tramples you.
* * * LOW HITPOINT WARNING * * *
You stumble backwards!
Found a pair of gloves.
You are too injured to fight recklessly!
You are too injured to fight recklessly!
You are too injured to fight recklessly!
You are too injured to fight recklessly!
You are too injured to fight recklessly!
You are too injured to fight recklessly!
You are too injured to fight recklessly!
You are too injured to fight recklessly!
You are too injured to fight recklessly!
You are too injured to fight recklessly!
You are too injured to fight recklessly!
You are too injured to fight recklessly!
You are too injured to fight recklessly!
The thrashing horror roars!
The thrashing horror tramples you!
You die...

... ... ≈. ##.##.# ...
≈. ... ... .... ≈
...#.##.# ### ...
#≈≈≈...#.##.## #.##...
... ##......###...##
.....##.......#.X...#..#
................@......#
....... ......#.....#..#
.. ..........###...##
§............# ##.##
......... ...# ..# ..
....)......# ...#
.....##......... .....
.....##....... ..[..#.
.............###.


You could see a thrashing horror.

Vanquished Creatures
  An adder (D:2)
  2 worms (D:3)
  3 bats (D:1)
  A goblin (D:2)
  2 hobgoblins
  2 kobolds (D:1)
  3 frilled lizards
  2 rats
16 creatures vanquished.

Notes
Turn   | Place    | Note
-------+----------+-------------------------------------------
     0 | D:1      | EnegeticOcto the Deep Dwarf Fighter began the quest for the
                  | Orb.
     0 | D:1      | Reached XP level 1. HP: 20/20 MP: 1/1
   185 | D:2      | Reached XP level 2. HP: 27/27 MP: 2/2
   289 | D:3      | Reached XP level 3. HP: 30/33 MP: 3/3
   334 | D:4      | Found a shimmering blue altar of Sif Muna.
   337 | D:4      | Found a bloodstained altar of Trog.
   346 | D:4      | Found a hazy altar of Hepliaklqana.
   349 | D:4      | HP: 1/33 [orc priest/+0 dagger (2)]
   349 | D:4      | Cast into level 1 of the Abyss (orc)
   377 | Abyss:1  | Noticed a thrashing horror
   387 | Abyss:1  | Slain by a thrashing horror

Illustrated notes

Levels and vault maps discovered:
D:1:      lightli_arrival_boilingwater, layout_basic, minmay_3d_cube
D:2:      layout_basic, vehumet_crystals, minivault_27
D:3:      layout_loops_cross, nemelex_xobeh_ov_fountains_minmay, uniq_sigmund,
          uniq_jessica
D:4:      minmay_door_path, layout_basic,
          chequers_temple_overflow_statue_of_worship
Abyss:1:  base: D:1, hangedman_abyss_theft

Skill      XL: |  1  2 |
---------------+-------+-----
Axes           | 3 |  3.0
Fighting       | |  2.9
Armour         | |  3.5
Shields        | |  3.6

Action                   || total
-------------------------++-------
Melee: War axe           ||    54
 Abil: Heal Wounds       ||     1
Armor: Scale mail        ||    28
Dodge: Dodged            ||    13
Block: Kite shield       ||    27

Table legend: (Time is in decaauts)
 A = Elapsed time spent in this place.
 B = Non-inter-level travel time spent in this place.
 C = Inter-level travel time spent in this place.
 D = Time resting spent in this place.
 E = Time spent auto-exploring this place.
 F = Levels seen in this place.
 G = Mean time per level.
                   A        B        C        D        E       F      G
               +--------+--------+--------+--------+--------+-----+--------+
         Total |    412 |    383 |     29 |      0 |    225 |   5 |   82.4 |
       Dungeon |    372 |    343 |     29 |      0 |    208 |   4 |   93.0 |
         Abyss |     39 |     39 |      0 |      0 |     17 |   1 |   39.0 |
               +--------+--------+--------+--------+--------+-----+--------+

Top non-repeatable levels by time:
     D:1: 181 daAuts
     D:2: 95 daAuts
     D:4: 57 daAuts
 Abyss:1: 39 daAuts
     D:3: 37 daAuts
